 Dungeon Crawl Stone Soup version 0.29-a0-337-g68df138881 (webtiles) character file.

Game seed: 11758477399245473553

5075 spaghetti the Fighter (level 10, -1/114 HPs)
             Began as an Ogre Conjurer on Apr 16, 2022.
             Was an Elder of Vehumet.
             Slain by a troll (6 damage)
             ... on level 9 of the Dungeon.
             The game lasted 00:17:15 (10056 turns).

spaghetti the Fighter (Ogre Conjurer)              Turns: 10056, Time: 00:17:16

Health: -1/114     AC:  7    Str: 13    XL:     10   Next: 56%
Magic:  12/37      EV:  9    Int: 23    God:    Vehumet [****..]
Gold:   390        SH:  0    Dex:  7    Spells: 5/21 levels left

rFire   . . .      SeeInvis .   M - +0 whip (vamp) {mace}
rCold   . . .      Faith    .   (no shield)
rNeg    . . .      Spirit   .   Y - +0 steam dragon scales
rPois   .          Reflect  .   (helmet restricted)
rElec   .          Harm     .   r - +0 cloak
rCorr   .          Rampage  .   (gloves unavailable)
Will    +....                   (boots unavailable)
Stlth   +.........              (no amulet)
HPRegen 0.29/turn               K - ring of magical power
MPRegen 0.25/turn               T - ring of magical power

@: about to teleport
A: large, unfitting armour, tough skin 1
a: Renounce Religion


You were on level 9 of the Dungeon.
You worshipped Vehumet.
Vehumet was greatly pleased with you.
You visited 1 branch of the dungeon, and saw 9 of its levels.

You collected 390 gold pieces.


Innate Abilities, Weirdness & Mutations

You are too large for most types of armour.
You have tough skin. (AC +1)


   Skills:
 * Level 11.6 Fighting
 - Level 1.7 Dodging
 - Level 1.4 Stealth
 + Level 6.2 Spellcasting
 * Level 8.0 Conjurations
 - Level 3.0 Hexes
 + Level 3.7 Summonings
 - Level 3.0 Translocations
 + Level 4.0 Earth Magic


You had 5 spell levels left.
You knew the following spells:

 Your Spells              Type           Power      Damage    Failure   Level
a - Magic Dart            Conj           100%       1d8       1%          1
b - Searing Ray           Conj           88%        2d7       1%          2
c - Fulminant Prism       Conj/Hex       16%        3d11      2%          4
d - Iskenderun's Mystic   Conj/Tloc      32%        2d8       2%          4
e - Iskenderun's Battles  Conj           44%        2d10      2%          5

Your spell library contained the following spells:

 Spells                   Type           Power      Damage    Failure   Level
 Lee's Rapid Deconstruct  Erth           12%        3d10*     12%         5
 Dazzling Flash           Conj/Hex       64%        N/A       1%          3
 Poisonous Vapours        Pois/Air       14%        N/A       3%          2
 Portal Projectile        Hex/Tloc       40%        N/A       8%          3
 Animate Skeleton         Necr           14%        N/A       9%          1
 Pain                     Necr           28%        1d5       9%          1
 Corpse Rot               Necr/Air       14%        N/A       13%         2
 Sublimation of Blood     Necr           7%         N/A       13%         2
 Wereblood                Tmut           7%         N/A       13%         2
 Ozocubu's Armour         Ice            7%         N/A       26%         3
 Vampiric Draining        Necr           7%         2d6       26%         3
 Metabolic Englaciation   Hex/Ice        7%         N/A       77%         5
 Blade Hands              Tmut           3%         N/A       93%         5
 Excruciating Wounds      Necr           3%         N/A       93%         5
 Iron Shot                Conj/Erth      17%        9d4       26%         6
 Starburst                Conj/Fire      12%        6d5       50%         6
 Spellforged Servitor     Conj/Summ      17%        N/A       80%         7
 Simulacrum               Ice/Necr       3%         N/A       100%        6
 Summon Hydra             Summ           12%        N/A       100%        7

Inventory:

Hand Weapons
 M - a +0 vampiric whip (weapon) {mace}
   (You took it off an orc on level 4 of the Dungeon)
Missiles
 c - 18 poisoned darts {throwing}
 j - 368 stones {throwing}
 o - 5 curare-tipped darts {=fthrowing}
 q - 4 atropa-tipped darts {throwing}
 N - 4 boomerangs {throwing}
 Q - 5 throwing nets {=f!fthrowing}
 Z - 2 javelins {throwing}
Armour
 a - a +0 robe
 r - a +0 cloak (worn)
   (You found it on level 2 of the Dungeon)
 Y - +0 steam dragon scales (worn)
   (You found it on level 7 of the Dungeon)
Magical Staves
 V - a staff of poison {!astaff}
   (You found it on level 6 of the Dungeon)
 X - a staff of poison {!astaff}
   (You found it on level 6 of the Dungeon)
Jewellery
 K - a ring of magical power (left hand)
   (You found it on level 3 of the Dungeon)
 T - a ring of magical power (right hand)
   (You found it on level 6 of the Dungeon)
Wands
 d - a wand of acid (17)
   (You took it off an orc on level 4 of the Dungeon)
 i - a wand of paralysis (4)
   (You found it on level 8 of the Dungeon)
 z - a wand of polymorph (13)
   (You found it on level 2 of the Dungeon)
 S - a wand of iceblast (23)
   (You found it on level 5 of the Dungeon)
Scrolls
 e - 5 scrolls of teleportation {@r4}
 f - 2 scrolls of amnesia {unknown}
 g - 3 scrolls of immolation {unknown}
 h - a scroll of fog {unknown}
 k - a scroll of acquirement {unknown}
 l - 7 scrolls of identify {unknown}
 n - 5 scrolls of enchant armour {unknown}
 p - a scroll of silence {unknown}
 u - 4 scrolls of blinking {unknown}
 J - 3 scrolls of fear {unknown}
 P - 2 scrolls of brand weapon {unknown}
 R - a scroll of noise {unknown}
 U - a scroll of torment {unknown}
Potions
 b - 2 potions of magic
 m - a potion of degeneration {unknown}
 s - 2 potions of heal wounds {unknown}
 t - 2 potions of might {unknown}
 v - 2 potions of invisibility {unknown}
 x - a potion of mutation {unknown}
 C - a potion of attraction {unknown}
 E - 2 potions of brilliance
 F - 2 potions of lignification {unknown}
 I - 2 potions of ambrosia {unknown}
 O - 2 potions of flight {unknown}
 W - 3 potions of curing {unknown}

Dungeon Overview and Level Annotations

Branches:
Dungeon (9/15)             Temple (0/1) D:6
   Lair: D:8-11         Orc: D:9-12

Altars:
Trog
Vehumet

Annotations:
D:6 exclusion: door
D:7 2 transporters, Darius099's ghost, novice TrBe

#...... .......
.......########
..............†
.............#
..........†..#
...T....†...# #....o@#
##....T.## ####
#....D.).# # ##..#
#>......†#### .# #...#
#..........>##.# #.#.#
................# #.#.#
#........#....### #...#
.#.......#.....#####..##
#.#.#####...>#........#


You could see 2 trolls, an orc warrior and an acid dragon.


Message History

Casting: Magic Dart (safe; 1% risk of failure)
Confirm with . or Enter, or press ? or * to list all spells.
Aiming: Magic Dart (safe; 1% risk of failure)
Press: ? - help, Shift-Dir - straight line, f/p - troll
Aim: a troll (heavily wounded, 100% to hit)
The magic dart hits the troll.
Your battlesphere fires!
The barrage of energy hits the troll!
Your battlesphere expends the last of its energy and dissipates.
Casting: Magic Dart (safe; 1% risk of failure)
Confirm with . or Enter, or press ? or * to list all spells.
Aiming: Magic Dart (safe; 1% risk of failure)
Press: ? - help, Shift-Dir - straight line, f/p - troll
Aim: a troll (severely wounded, 100% to hit)
The magic dart hits the troll. 😮 HP[+1] MP[-1]
You lost 1 mp, and now have 22/37 mp.
Casting: Magic Dart (safe; 1% risk of failure)
Confirm with . or Enter, or press ? or * to list all spells.
You conjure a globe of magical energy. 😮 MP[-5]
You lost 5 mp, and now have 17/37 mp.
Casting: Iskenderun's Battlesphere (dangerous; 2% risk of failure)
Confirm with . or Enter, or press ? or * to list all spells.
Aiming: Magic Dart (safe; 1% risk of failure)
Press: ? - help, Shift-Dir - straight line, f/p - troll
Aim: a troll (severely wounded, 100% to hit)
The magic dart hits the troll.
Your battlesphere fires!
The barrage of energy hits the orc warrior.
The troll bites your battlesphere! The troll claws your battlesphere!
Your battlesphere is destroyed! 😮 MP[-1]
You lost 1 mp, and now have 16/37 mp.
Casting: Magic Dart (safe; 1% risk of failure)
Confirm with . or Enter, or press ? or * to list all spells.
Aiming: Magic Dart (safe; 1% risk of failure)
Press: ? - help, Shift-Dir - straight line, f/p - troll
Aim: a troll (severely wounded, 100% to hit)
The magic dart hits the troll.
An acid dragon comes into view.
Casting: Magic Dart (safe; 1% risk of failure)
Confirm with . or Enter, or press ? or * to list all spells.
Aiming: Searing Ray (safe; 1% risk of failure)
Press: ? - help, Shift-Dir - straight line, f/p - troll
Aim: a troll (magical condensation, almost dead, 82% to hit)
The searing ray hits the troll. (Press . to maintain the ray.)
The acid dragon roars!
The troll bites you! The troll claws you but does no damage.
The troll closely misses you. 😮 HP[-12] MP[-2]
You take 12 damage, and now have 62/114 hp.
You lost 2 mp, and now have 14/37 mp.
The searing ray misses the troll.
A troll comes into view.
The troll bites you!
* * * LOW HITPOINT WARNING * * *
The troll claws you!
* * * LOW HITPOINT WARNING * * *
The troll claws you.
* * * LOW HITPOINT WARNING * * *
😨 HP[-26] MP[-1]
You take 26 damage, and now have 36/114 hp.
MASSIVE DAMAGE!! (PAUSE)
You lost 1 mp, and now have 13/37 mp.
The searing ray misses the troll.
The searing ray misses the acid dragon.
The orc warrior hits you with a +0 war axe!
* * * LOW HITPOINT WARNING * * *
The troll barely misses you. The troll closely misses you. The troll claws you.
* * * LOW HITPOINT WARNING * * *
😱 HP[-14] MP[-1]
You take 14 damage, and now have 22/114 hp.
You lost 1 mp, and now have 12/37 mp.
The searing ray hits the troll.
The searing ray hits the acid dragon but does no damage.
You finish channelling your searing ray.
The orc warrior completely misses you. The troll barely misses you.
The troll completely misses you. The troll claws you!
* * * LOW HITPOINT WARNING * * *
😱 HP[-6]
You take 6 damage, and now have 16/114 hp.
Okay, then.
Okay, then.
As you read the scroll labelled JUELUM COIZOFA, it crumbles to dust.
You feel strangely unstable.
It was a scroll of teleportation.
The troll bites you but does no damage. The troll claws you.
* * * LOW HITPOINT WARNING * * *
The troll closely misses you.
The orc warrior hits you with a +0 war axe.
* * * LOW HITPOINT WARNING * * *
😱 HP[-11]
You take 11 damage, and now have 5/114 hp.
Unknown command.
Okay, then.
Okay, then.
The troll attacks as you move away! The troll bites you but does no damage.
The troll closely misses you. The troll claws you.
You die...

Skill      XL: |  1  2  3  4  5  6  7  8  9 10 |
---------------+-------------------------------+-----
Spellcasting   | 3 4 5 6 |  6.2
Fighting       | 2 3 5 6 7 9 10 11 | 11.6
Conjurations   | 4 5 6 7 8 |  8.0
Hexes          | 2 3 |  3.0
Translocations | 2 3 |  3.0
Earth Magic    | 2 3 4 |  4.0
Summonings     | 1 2 3 |  3.7
Dodging        | |  1.7
Stealth        | |  1.4

Action                   |  1- 3 |  4- 6 |  7- 9 | 10-12 || total
-------------------------+-------+-------+-------+-------++-------
Melee: Unarmed           |     5 |       |       |       ||     5
       Club              |     3 |       |       |       ||     3
       Whip              |       |       |     5 |       ||     5
 Cast: Magic Dart        |    15 |    55 |   100 |    22 ||   192
       Searing Ray       |    12 |    27 |    56 |    17 ||   112
       Iskenderun's Batt |       |       |    23 |    12 ||    35
       Iskenderun's Myst |       |       |       |     1 ||     1
       Fulminant Prism   |       |       |       |     1 ||     1
Evoke: Wand              |       |       |     2 |       ||     2
  Use: Potion            |     2 |       |       |       ||     2
       Scroll            |       |       |       |     1 ||     1
Armor: Robe              |     9 |     5 |     6 |       ||    20
       Steam dragon scal |       |       |     4 |    16 ||    20
Dodge: Dodged            |     8 |    12 |    25 |    19 ||    64

Levels and vault maps discovered:
D:1:      giann_wishing_wells, layout_basic, minmay_box_of_dots
D:2:      layout_basic, hellmonk_ecumenical_altar_watching_god, uniq_natasha
D:3:      layout_loops_corners, grunt_ministairs_6, nrook_campfire
D:4:      layout_cave_pools, feat_on_display
D:5:      layout_basic, nicolae_grassy_gnolls
D:6:      layout_rooms, minmay_temple_entry_from_below_a, grunt_tough_drop,
          uniq_pikel
D:7:      layout_loops_ring, gammafunk_ghost_wrathful_warriors
D:8:      layout_gridville, enter_ossuary_2
D:9:      layout_rooms, lemuel_tele_altar, dk_vineyard_2, minmay_circle_x,
          uniq_grum

Notes
Turn   | Place    | Note
-------+----------+-------------------------------------------
     0 | D:1      | spaghetti the Ogre Conjurer began the quest for the Orb.
     0 | D:1      | Reached XP level 1. HP: 16/16 MP: 3/3
     0 | D:1      | magus.rc [v1.9.6]
   337 | D:1      | You pick up a book of Blood and begin reading...
   337 | D:1      | You add the spells Sublimation of Blood, Wereblood and
                  | Summon Hydra to your library.
   362 | D:1      | You pick up a book of Conjurations {@e2} and begin
                  | reading...
   531 | D:1      | Reached skill level 3 in Spellcasting
   648 | D:1      | Reached XP level 2. HP: 26/26 MP: 4/6
   675 | D:1      | Learned a level 2 spell: Searing Ray
  1000 | D:2      | Noticed an eye of devastation
  1000 | D:2      | Found a faded altar of an unknown god.
  1027 | D:2      | Reached skill level 1 in Fighting
  1097 | D:2      | Noticed an eye of devastation
  1414 | D:2      | Noticed Natasha
  1420 | D:2      | Killed Natasha
  1421 | D:2      | Reached skill level 2 in Fighting
  1421 | D:2      | Reached XP level 3. HP: 36/36 MP: 2/7
  1576 | D:2      | Reached skill level 3 in Fighting
  1576 | D:2      | Reached skill level 4 in Conjurations
  1576 | D:2      | Reached XP level 4. HP: 39/45 MP: 2/9
  1686 | D:2      | Noticed a floating eye
  1692 | D:2      | Noticed Natasha
  1695 | D:2      | Killed Natasha
  1696 | D:2      | Reached XP level 5. HP: 37/54 MP: 4/10
  1787 | D:2      | Noticed an eye of devastation
  1796 | D:2      | Prayed at the altar of an unknown god.
  1796 | D:2      | Became a worshipper of Vehumet
  1796 | D:2      | Reached * piety under Vehumet
  1796 | D:2      | Offered knowledge of Foxfire by Vehumet.
  1802 | D:2      | Learned a level 4 spell: Fulminant Prism
  1807 | D:2      | Learned a level 4 spell: Iskenderun's Mystic Blast
  2225 | D:2      | Reached skill level 4 in Fighting
  2252 | D:2      | Noticed Natasha
  2259 | D:2      | Killed Natasha
  2468 | D:2      | Reached skill level 4 in Spellcasting
  3407 | D:3      | You pick up a book of Necromancy and begin reading...
  3407 | D:3      | You add the spells Pain, Animate Skeleton and Vampiric
                  | Draining to your library.
  3611 | D:3      | Noticed an ice beast
  3620 | D:3      | Killed an ice beast
  3620 | D:3      | Offered knowledge of Scorch by Vehumet.
  3621 | D:3      | Reached skill level 5 in Fighting
  3621 | D:3      | Reached XP level 6. HP: 66/66 MP: 12/12
  4018 | D:4      | Reached ** piety under Vehumet
  4243 | D:4      | Noticed a black bear
  4250 | D:4      | Killed a black bear
  4251 | D:4      | Reached skill level 6 in Fighting
  4252 | D:4      | Reached XP level 7. HP: 70/76 MP: 14/14
  4256 | D:4      | You pick up a book of Power and begin reading...
  4256 | D:4      | You add the spells Iskenderun's Battlesphere, Iron Shot and
                  | Spellforged Servitor to your library.
  4541 | D:4      | Reached skill level 5 in Spellcasting
  4541 | D:4      | Reached skill level 5 in Conjurations
  4875 | D:5      | Entered Level 5 of the Dungeon
  4938 | D:5      | Reached skill level 7 in Fighting
  5083 | D:5      | Learned a level 5 spell: Iskenderun's Battlesphere
  5495 | D:5      | Reached XP level 8. HP: 73/88 MP: 16/16
  5591 | D:5      | Reached skill level 8 in Fighting
  5750 | D:5      | Reached skill level 1 in Hexes
  5750 | D:5      | Reached skill level 1 in Translocations
  5758 | D:5      | Reached skill level 1 in Earth Magic
  6088 | D:5      | Offered knowledge of Mephitic Cloud by Vehumet.
  6174 | D:5      | Reached skill level 6 in Spellcasting
  6689 | D:5      | Reached *** piety under Vehumet
  6832 | D:6      | Found a staircase to the Ecumenical Temple.
  7011 | D:6      | Noticed Pikel
  7020 | D:6      | Killed Pikel
  7021 | D:6      | Reached skill level 9 in Fighting
  7021 | D:6      | Reached skill level 6 in Conjurations
  7021 | D:6      | Reached skill level 2 in Hexes
  7021 | D:6      | Reached skill level 1 in Summonings
  7021 | D:6      | Reached skill level 2 in Translocations
  7021 | D:6      | Reached skill level 2 in Earth Magic
  7021 | D:6      | Reached XP level 9. HP: 91/100 MP: 18/18
  7121 | D:6      | You pick up a book of Winter and begin reading...
  7121 | D:6      | You add the spells Ozocubu's Armour, Metabolic Englaciation
                  | and Simulacrum to your library.
  7520 | D:6      | Reached skill level 2 in Summonings
  7636 | D:7      | Noticed a moth of wrath
  7662 | D:7      | Found a bloodstained altar of Trog.
  7676 | D:7      | Found a transporter.
  7680 | D:7      | Found a transporter.
  7681 | D:7      | Noticed Darius099's ghost (novice TrBe)
  7689 | D:7      | Offered knowledge of Ignite Poison by Vehumet.
  7768 | D:7      | Reached skill level 10 in Fighting
  8168 | D:7      | Reached skill level 3 in Hexes
  8251 | D:7      | Reached skill level 3 in Translocations
  8282 | D:7      | Reached skill level 7 in Conjurations
  8282 | D:7      | Reached skill level 3 in Earth Magic
  8614 | D:8      | Reached XP level 10. HP: 100/111 MP: 19/19
  8773 | D:8      | You pick up a book of Weapons and begin reading...
  8773 | D:8      | You add the spells Portal Projectile, Excruciating Wounds
                  | and Blade Hands to your library.
  8858 | D:8      | Reached skill level 3 in Summonings
  8935 | D:8      | Noticed a two-headed ogre
  8942 | D:8      | Killed a two-headed ogre
  8943 | D:8      | Reached skill level 11 in Fighting
  9123 | D:8      | Reached **** piety under Vehumet
  9244 | D:8      | Offered knowledge of Lee's Rapid Deconstruction by Vehumet.
  9774 | D:9      | Identified the +0 ring mail "Juskuat" {Int+5}
  9792 | D:9      | You pick up a book of Vapours and begin reading...
  9792 | D:9      | You add the spells Poisonous Vapours and Corpse Rot to your
                  | library.
  9837 | D:9      | You pick up a book of Spectacle and begin reading...
 10034 | D:9      | Noticed Grum
 10039 | D:9      | Killed Grum
 10040 | D:9      | Reached skill level 8 in Conjurations
 10040 | D:9      | Reached skill level 4 in Earth Magic
 10053 | D:9      | HP: 23/114 [orc warrior/+0 war axe (13)]
 10055 | D:9      | HP: 10/114 [troll (6)]
 10056 | D:9      | Slain by a troll

Vanquished Creatures
  A two-headed ogre (D:8)
  Pikel (D:6)
  Grum (D:9)
  A steam dragon (D:7)
  3 water moccasins
  An orc warrior (D:7)
  2 black bears (D:4)
  3 ice beasts
  An ogre (D:5)
  3 wolves (D:9)
  A lemure (D:6)
  4 phantoms
  A kobold brigand (D:8)
  2 bullfrogs (D:7)
  2 gnoll sergeants
  5 scorpions
  A wight (D:6)
  10 killer bees
  2 howler monkeys (D:8)
  3 hounds
  2 jellies
  4 gnoll shamans
  3 orc priests
  Natasha (thrice) (D:2)
  3 iguanas
  5 orc wizards
  27 gnolls
  4 adders
  2 shadow imps (D:6)
  A white imp (D:7)
  3 worms
  26 orcs
  7 endoplasms
  5 giant cockroaches
  4 goblins
  5 hobgoblins
  5 jackals
  2 quokkas
  6 ball pythons
  A bat (D:3)
  6 frilled lizards
  8 kobolds
  3 rats
183 creatures vanquished.

Vanquished Creatures (others)
  A fulminant prism (D:9)
  14 plants (D:5)
15 creatures vanquished.

Grand Total: 198 creatures vanquished

Table legend:
 A = Non-vault XP
 B = Vault XP
 C = Vault XP percentage of total XP
 D = Non-vault monster count
 E = Vault monster count
 F = Vault count percentage of total count
                 A         B        C        D         E       F
            +---------+---------+-------+---------+---------+-------
      Total |    5654 |    1596 |  22.0 |     160 |      22 |  12.1
            +---------+---------+-------+---------+---------+-------
        D:1 |      10 |       6 |  37.5 |       7 |       4 |  36.4
        D:2 |     188 |      36 |  16.1 |      28 |       1 |   3.4
        D:3 |     158 |      43 |  21.4 |      14 |       2 |  12.5
        D:4 |     427 |       0 |   0.0 |      16 |       0 |   0.0
        D:5 |    1092 |     156 |  12.5 |      30 |       7 |  18.9
        D:6 |     388 |     808 |  67.6 |      11 |       4 |  26.7
        D:7 |    1198 |       0 |   0.0 |      22 |       0 |   0.0
        D:8 |    1895 |       0 |   0.0 |      23 |       0 |   0.0
        D:9 |     298 |     547 |  64.7 |       9 |       4 |  30.8
            +---------+---------+-------+---------+---------+-------

Illustrated notes

Table legend:
 A = Kills in this place as a percentage of kills in entire the game.
 B = Kills by you in this place as a percentage of kills by you in the entire game.
 C = Kills by friends in this place as a percentage of kills by friends in the entire game.
 D = Other kills in this place as a percentage of other kills in the entire game.
 E = Experience gained in this place as a percentage of experience gained in the entire game.
 F = Experience gained in this place divided by the number of levels of this place that you have seen.
                   A       B       C       D       E      F
               +-------+-------+-------+-------+-------+----------------------
         Total | 100.0 | 100.0 |   N/A |   N/A | 100.0 | 805.6
       Dungeon | 100.0 | 100.0 |   N/A |   N/A | 100.0 | 805.6
               +-------+-------+-------+-------+-------+----------------------

Table legend: (Time is in decaauts)
 A = Elapsed time spent in this place.
 B = Non-inter-level travel time spent in this place.
 C = Inter-level travel time spent in this place.
 D = Time resting spent in this place.
 E = Time spent auto-exploring this place.
 F = Levels seen in this place.
 G = Mean time per level.
                   A        B        C        D        E       F      G
               +--------+--------+--------+--------+--------+-----+--------+
         Total |  10036 |   9855 |    181 |   1537 |   7213 |   9 | 1115.1 |
       Dungeon |  10036 |   9855 |    181 |   1537 |   7213 |   9 | 1115.1 |
               +--------+--------+--------+--------+--------+-----+--------+

Top non-repeatable levels by time:
     D:5: 1846 daAuts
     D:2: 1633 daAuts
     D:3: 1352 daAuts
     D:8: 1154 daAuts
     D:1: 1011 daAuts
     D:7: 1005 daAuts
     D:6: 862 daAuts
     D:4: 858 daAuts
     D:9: 310 daAuts
